 Dungeon Crawl Stone Soup version 0.28-a0-224-g76b539d98b (webtiles) character file.

Game seed: 6822151849805727537

31 Gargoyl the Skirmisher (level 3, -11/33 (35) HPs)
             Began as a Gnoll Abyssal Knight on Aug 21, 2021.
             Was a Follower of Lugonu.
             Mangled by a profane servitor (19 damage)
             ... on level 2 of the Abyss.
             The game lasted 00:00:50 (277 turns).

Gargoyl the Skirmisher (Gnoll Abyssal Knight)        Turns: 277, Time: 00:00:51

HP:   -11/33 (35)   AC:  4    Str: 12      XL:     3   Next: 22%
MP:   6/6           EV: 11    Int: 11      God:    Lugonu [*.....]
Gold: 17            SH:  0    Dex:  6 (11) Spells: 3/3 levels left

rFire   . . .      SeeInvis .   a - +1 hand axe
rCold   . . .      Faith    .   (no shield)
rNeg    . . .      Spirit   .   b - +1 leather armour
rPois   .          Reflect  .   (no helmet)
rElec   .          Harm     .   (no cloak)
rCorr   .          Rampage  .   (no gloves)
Will    .....                   (no boots)
Stlth   +.........              (no amulet)
HPRegen 0.11/turn               (no ring)
MPRegen 0.10/turn               (no ring)

@: wreathed by umbra, drained
A: fangs 1, strong nose, distributed training
a: Renounce Religion, Depart the Abyss


You were on level 2 of the Abyss.
You worshipped Lugonu.
Lugonu was aware of your devotion.
You visited 0 branches of the dungeon, and saw 0 of its levels.
You visited the Abyss 1 time.

You collected 17 gold pieces.

Inventory:

Hand Weapons
 a - a +1 hand axe (weapon)
Armour
 b - a +1 leather armour (worn)
Wands
 c - a wand of mindburst (12)


   Skills:
 + Level 6.5 Fighting
 + Level 0.7 Short Blades
 + Level 0.7 Long Blades
 + Level 4.5 Axes
 + Level 0.7 Maces & Flails
 + Level 0.7 Polearms
 + Level 0.7 Staves
 + Level 0.7 Slings
 + Level 0.7 Bows
 + Level 0.7 Crossbows
 + Level 0.7 Throwing
 + Level 4.5 Armour
 + Level 2.6 Dodging
 + Level 0.7 Stealth
 + Level 0.7 Shields
 + Level 0.7 Unarmed Combat
 + Level 0.7 Spellcasting
 + Level 0.5 Conjurations
 + Level 0.5 Hexes
 + Level 0.5 Summonings
 + Level 0.5 Necromancy
 + Level 0.5 Translocations
 + Level 0.5 Transmutations
 + Level 0.5 Fire Magic
 + Level 0.5 Ice Magic
 + Level 0.5 Air Magic
 + Level 0.5 Earth Magic
 + Level 0.5 Poison Magic
 + Level 4.5 Invocations
 + Level 0.7 Evocations


You had 3 spell levels left.
You didn't know any spells.
Your spell library was empty.

Dungeon Overview and Level Annotations

Branches:
Dungeon (0/15)

Altars:


Innate Abilities, Weirdness & Mutations

You have very sharp teeth.
Your uncanny sense of smell can sniff out nearby items.
Your experience applies equally to all skills.


Message History

You feel strangely unstable.
You feel the power of the Abyss delaying your translocation!
It was a scroll of teleportation.
Found a scroll labelled QELYIP ATTEM.
A raiju comes into view.
You see here a scroll labelled QELYIP ATTEM.
c - a scroll labelled QELYIP ATTEM A ynoxinul comes into view.
You are suddenly pulled into a different region of the Abyss!
As you read the scroll labelled QELYIP ATTEM, it crumbles to dust.
It is a scroll of enchant armour.
Your +0 leather armour glows green for a moment.
Found a jewelled lead wand.
c - a wand of mindburst (16)
A profane servitor comes into view.
It is wielding a +1 vampiric demon whip.
Aiming: Mindburst
Press: ? - help, Shift-Dir - straight line, f - profane servitor
Aim: a profane servitor, wielding a +1 vampiric demon whip (umbra, chance to affect: 0%)
The profane servitor resists with almost no effort.
Aiming: Mindburst
Press: ? - help, Shift-Dir - straight line, f/p - profane servitor
Aim: a profane servitor, wielding a +1 vampiric demon whip (umbra, chance to affect: 0%)
The profane servitor resists with almost no effort.
Aiming: Mindburst
Press: ? - help, Shift-Dir - straight line, f/p - profane servitor
Aim: a profane servitor, wielding a +1 vampiric demon whip (umbra, chance to affect: 0%)
The profane servitor resists with almost no effort.
Aiming: Mindburst
Press: ? - help, Shift-Dir - straight line, f/p - profane servitor
Aim: a profane servitor, wielding a +1 vampiric demon whip (umbra, chance to affect: 0%)
The profane servitor resists with almost no effort.
The profane servitor hits you with a +1 vampiric demon whip!
The profane servitor draws strength from your injuries!
The profane servitor hits you with a +1 vampiric demon whip!
* * * LOW HITPOINT WARNING * * *
You feel drained.
* * * LOW HITPOINT WARNING * * *
The profane servitor hits you with a +1 vampiric demon whip!!
Ouch! That really hurt!
You die...

. .####.####.##
.# ####.##..#..
# .. ......#.###
# . #.##...#..#
##.### ##.#...#
.## #
##.#..##### #.
###....##...##.
....
#...##.......#
.# . #.#.#.@##
#.#..
...#.#...#.A...#
. .##.###.###
.#.......# ..
.#.#.#. ... ##.
#.#.# ##.. #.. .
.. ... . . . ..
# #..# ####. .


You could see a profane servitor.

Vanquished Creatures
  A quasit (Abyss:1)
1 creature vanquished.

Notes
Turn   | Place    | Note
-------+----------+-------------------------------------------
     0 | Abyss:1  | Gargoyl the Gnoll Abyssal Knight began the quest for the
                  | Orb.
     0 | Abyss:1  | Reached XP level 1. HP: 23/23 MP: 3/3
    48 | Abyss:1  | Noticed a quasit
    66 | Abyss:1  | Killed a quasit
    67 | Abyss:1  | Reached XP level 2. HP: 19/29 MP: 5/5
    67 | Abyss:1  | Reached XP level 3. HP: 23/35 MP: 6/6
    96 | Abyss:1  | Noticed an ancient zyme
   156 | Abyss:2  | Noticed a large abomination
   158 | Abyss:2  | Noticed a large abomination
   175 | Abyss:2  | Noticed a raiju
   181 | Abyss:2  | Noticed a ynoxinul
   273 | Abyss:2  | Noticed a profane servitor
   277 | Abyss:2  | Mangled by a profane servitor

Illustrated notes

Levels and vault maps discovered:
Abyss:2:  base: Temple, hangedman_elemental_corridor

Action                   || total
-------------------------++-------
Melee: Hand axe          ||    15
Evoke: Wand              ||     4
  Use: Potion            ||     1
       Scroll            ||     2
Armor: Leather armour    ||    17
Dodge: Dodged            ||    37

Table legend: (Time is in decaauts)
 A = Elapsed time spent in this place.
 B = Non-inter-level travel time spent in this place.
 C = Inter-level travel time spent in this place.
 D = Time resting spent in this place.
 E = Time spent auto-exploring this place.
 F = Levels seen in this place.
 G = Mean time per level.
                   A        B        C        D        E       F      G
               +--------+--------+--------+--------+--------+-----+--------+
         Total |    278 |    278 |      0 |      0 |    187 |   2 |  139.0 |
         Abyss |    278 |    278 |      0 |      0 |    187 |   2 |  139.0 |
               +--------+--------+--------+--------+--------+-----+--------+

Top non-repeatable levels by time:
 Abyss:2: 147 daAuts
 Abyss:1: 130 daAuts
